 Dungeon Crawl Stone Soup version 0.30.0-29-ga12c61a403 (webtiles) character file.

Game seed: 10663027630835581749

14001 GimliDwarf the Zephyrmancer (level 12, 0/59 HPs)
             Began as a Tengu Air Elementalist on June 7, 2023.
             Was a Believer of Qazlal.
             Slain by a death yak (8 damage)
             ... on level 11 of the Dungeon.
             The game lasted 00:52:12 (15419 turns).

GimliDwarf the Zephyrmancer (TeAE)                 Turns: 15419, Time: 00:52:13

Health: 0/59       AC:  8    Str:  9    XL:     12   Next: 11%
Magic:  19/26      EV: 14    Int: 23    God:    Qazlal [**....]
Gold:   649        SH:  3    Dex: 14    Spells: 2/30 levels left

rFire   + . .        d - +5 whip (venom)
rCold   . . .        (no shield)
rNeg    + . .        y - +1 robe {rF+}
rPois   .            (helmet restricted)
rElec   .            u - +2 cloak
rCorr   .            (no gloves)
SInv    .            (boots unavailable)
Will    ++...        x - amulet of regeneration
Stlth   ++           r - ring of positive energy
HPRegen 1.09/turn    t - ring of willpower
MPRegen 0.20/turn

%: no passive effects
@: flying quickly and evasively, hasted, very quick
A: beak, talons 3, nimble flight, iridescent scales 1, clever 1, strong-willed
1, wild magic 1
a: Renounce Religion, Upheaval


You were on level 11 of the Dungeon.
You worshipped Qazlal.
Qazlal was pleased with you.
You visited 2 branches of the dungeon, and saw 12 of its levels.

You collected 649 gold pieces.

Inventory:

Hand Weapons
 a - a +3 scimitar of flaming
 d - a +5 whip of venom (weapon)
 q - a +2 short sword of draining
Armour
 u - a +2 cloak (worn)
 y - a +1 robe of fire resistance (worn)
Magical Staves
 s - a staff of death
Jewellery
 r - a ring of positive energy (left hand)
 t - a ring of willpower (right hand)
 x - an amulet of regeneration (around neck)
 A - an amulet of the acrobat
Wands
 o - a wand of paralysis (5)
 p - a wand of flame (25)
 w - a wand of polymorph (8)
Scrolls
 c - a scroll of amnesia
 e - 7 scrolls of fog
 f - a scroll of identify
 g - a scroll of enchant armour
 n - 5 scrolls of teleportation
 v - 2 scrolls of poison
 B - a scroll of vulnerability {unknown}
Potions
 b - a potion of magic
 h - 4 potions of lignification
 i - 3 potions of heal wounds
 j - 3 potions of curing
 k - 2 potions of haste
 l - 4 potions of brilliance
 m - a potion of berserk rage
 z - 2 potions of cancellation
 C - a potion of mutation


   Skills:
 + Level 0.7 Maces & Flails
 - Level 2.1 Dodging
 - Level 2.0 Stealth
 + Level 0.2 Shields
 + Level 9.6 Spellcasting
 * Level 10.5 Conjurations
 * Level 6.7 Necromancy
 * Level 4.7 Translocations
 * Level 7.1 Fire Magic
 + Level 12.5 Air Magic
 + Level 0.3 Poison Magic
 + Level 1.3 Evocations


You had 2 spell levels left.
You knew the following spells:

 Your Spells              Type           Power      Damage    Failure   Level
a - Shock                 Conj/Air       100%       1d9       1%          1
b - Static Discharge      Conj/Air       100%       2-7/arc   1%          2
c - Airstrike             Air            37%        2d(6-22)  1%          4
d - Necrotise             Necr           100%       1d9       1%          1
e - Volatile Blastmotes   Fire/Tloc      98%        2d18      3%          3
f - Iskenderun's Mystic   Conj/Tloc      56%        2d12      4%          4
g - Poisonous Vapours     Pois/Air       100%       N/A       1%          2
h - Freezing Cloud        Conj/Ice/Air   28%        6-21      11%         5
i - Starburst             Conj/Fire      30%        6d9       32%         6

Your spell library contained the following spells:

 Spells                   Type           Power      Damage    Failure   Level
 Apportation              Tloc           84%        N/A       1%          1
 Momentum Strike          Conj/Tloc      100%       3d10      1%          2
 Blink                    Tloc           84%        N/A       2%          2
 Lesser Beckoning         Tloc           84%        N/A       2%          2
 Summon Small Mammal      Summ           56%        N/A       10%         1
 Mephitic Cloud           Conj/Pois/Air  57%        N/A       1%          3
 Swiftness                Air            74%        N/A       1%          3
 Dazzling Flash           Conj/Hex       92%        N/A       3%          3
 Petrify                  Tmut/Erth      14%        N/A       61%         4
 Metabolic Englaciation   Hex/Ice        7%         N/A       89%         5
 Statue Form              Tmut/Erth      9%         N/A       100%        6


Dungeon Overview and Level Annotations

Branches:
Dungeon (11/15)            Temple (1/1) D:7            Lair (0/5) D:11
    Orc (0/2) D:11

Altars:
Ashenzari
Cheibriados
Dithmenos
Elyvilon
Fedhas
Gozag
Hepliaklqana
Kikubaaqudgha
Makhleb
Nemelex Xobeh
Okawaru
Qazlal
Ru
Sif Muna
Trog
Uskayaw
Vehumet
Wu Jian
Xom
Yredelemnul
Zin
The Shining One

Shops:
D:2 =   D:8 [

Portals:
Trove: D:11 (give 3 potions of resistance)

Annotations:
D:3 3 runed translucent doors, JanusIIV's ghost, weakling DEHu; seaoflcl's ghost, amateur DjFE
D:6 1 runed translucent door, Wkid's ghost, weakling FeDe
D:11 3 runed translucent doors, Whoops's ghost, journeyman DsFi; bairyn's ghost, novice AtFi; monsoonserge's ghost, journeyman GrRe


Innate Abilities, Weirdness & Mutations

You have a beak for a mouth.
You have claws for feet.
Your magical nature lets you fly swiftly and evasively.
You are partially covered in iridescent scales. (AC +2)
Your mind is acute. (Int +4, Str/Dex -1)
You are strong-willed. (Will+)
Your spells are a little harder to cast, but a little more powerful.


Message History

There is a stone staircase leading up here.
You now have 649 gold pieces (gained 9).
There are no items here.
A death yak comes into view.
The death yak bellows! 2 death yaks come into view.
The death yak bellows! x3
Okay, then.
The death yak closely misses you. The death yak gores you!!
The death yak barely misses you.
The death yak snorts and paws the ground.
The death yak gores you!
The death yak snorts and paws the ground.
Something barely misses you. Something barely misses you. Something hits you.
Deactivating autopickup; reactivate with Ctrl-A.
Something hits you! Something hits you. Something hits you!
* * * LOW HITPOINT WARNING * * *
Something barely misses you. Something hits you but does no damage.
Something hits you.
* * * LOW HITPOINT WARNING * * *
Something hits you.
* * * LOW HITPOINT WARNING * * *
You block the death yak's attack. Something hits you but does no damage.
Something hits you.
* * * LOW HITPOINT WARNING * * *
The death yak is engulfed in blazing flames.
There is a stone staircase leading up here.
Okay, then.
Okay, then.
You feel yourself speed up. Something hits you.
* * * LOW HITPOINT WARNING * * *
Something hits you but does no damage.
The death yak is engulfed in freezing vapours.
The death yak gores you!
You die...

..................#..# ###..
...........>......#..## ###(...
..÷...#............#..# ##......
.....######......Y.#..####.......
....## ♣⌠♣#.........#..##........
...##8....#.....Y...##Y##........
...# .....#....○.Y..##...........
†[.# .WWW.+...(YY...###..........
...# W...W+.....@...# #..........
...# .....+.........# ##...^.....
...# )....#.........# #.........
...##8....#.........# #.......##
....## ♣⌠♣##........# #......##
.....#### ##.......# ###.####
........# #.......# #..#
........# ####..### ##.##
[.......# ##.#


You could see 5 death yaks and monsoonserge's ghost.

Vanquished Creatures
  2 two-headed ogres
  A boulder beetle (D:11)
  Erica (D:8)
  3 death yaks (D:11)
  A tengu warrior (D:11)
  Urug (D:11)
  A cyclops (D:11)
  A manticore (D:11)
  A gargoyle (D:11)
  A kobold demonologist (D:9)
  An unseen horror (D:11)
  A troll (D:9)
  2 hornets
  A shadow (D:11)
  A wyvern (D:9)
  A wraith (D:7)
  14 yaks
  A steam dragon (D:9)
  4 vampire mosquitoes (D:11)
  An acid dragon (D:11)
  A water moccasin (D:6)
  2 orc warriors (D:9)
  2 ice beasts
  A black bear (D:7)
  3 centaurs
  3 kobold brigands
  A phantom (D:5)
  Blork the orc (D:5)
  A gnoll sergeant (D:8)
  2 bullfrogs (D:7)
  2 scorpions
  10 wights
  12 killer bees
  A howler monkey (D:4)
  4 jellies
  A gnoll bouda (D:6)
  2 hounds (D:4)
  6 orc priests
  2 sleepcaps (D:7)
  5 orc wizards
  5 iguanas
  10 gnolls
  7 adders
  2 white imps
  2 ufetubi (D:5)
  2 worms (D:3)
  3 dart slugs
  23 orcs
  4 endoplasms
  3 giant cockroaches
  4 goblins
  7 hobgoblins
  3 jackals (D:4)
  7 quokkas
  4 ball pythons
  5 bats
  4 frilled lizards
  13 kobolds
  2 rats
212 creatures vanquished.

Notes
Turn   | Place    | Note
-------+----------+-------------------------------------------
     0 | D:1      | GimliDwarf the Tengu Air Elementalist began the quest for
                  | the Orb.
     0 | D:1      | Reached XP level 1. HP: 10/10 MP: 4/4
   219 | D:1      | Reached XP level 2. HP: 15/15 MP: 1/6
   279 | D:1      | Learned a level 2 spell: Static Discharge
   582 | D:1      | Found a faded altar of an unknown god.
  1106 | D:1      | Reached XP level 3. HP: 19/19 MP: 4/7
  1691 | D:2      | Reached skill level 5 in Air Magic
  2037 | D:2      | You fall into a shaft and drop 1 floor!
  2176 | D:3      | Reached XP level 4. HP: 24/24 MP: 6/8
  2355 | D:3      | Found a runed translucent gate.
  2355 | D:3      | Found a runed translucent gate.
  2355 | D:3      | Found a runed translucent gate.
  2385 | D:3      | Noticed seaoflcl's ghost (amateur DjFE)
  2385 | D:3      | Noticed JanusIIV's ghost (weakling DEHu)
  2692 | D:2      | Found Dayxonaa's Jewellery Boutique.
  3250 | D:2      | Learned a level 4 spell: Airstrike
  3726 | D:4      | Gained mutation: Your magical nature lets you fly swiftly
                  | and evasively. [Tengu growth]
  3726 | D:4      | Reached XP level 5. HP: 9/28 MP: 5/10
  4207 | D:4      | Reached skill level 1 in Fire Magic
  4456 | D:4      | Reached XP level 6. HP: 30/32 MP: 6/11
  4483 | D:4      | Reached skill level 5 in Conjurations
  4574 | D:4      | Reached skill level 6 in Air Magic
  4608 | D:4      | Found a basalt altar of Yredelemnul.
  4732 | D:4      | Noticed an ice beast
  4803 | D:4      | Killed an ice beast
  4981 | D:5      | Entered Level 5 of the Dungeon
  5013 | D:5      | Reached XP level 7. HP: 36/36 MP: 9/13
  5199 | D:5      | Learned a level 1 spell: Necrotise
  5343 | D:5      | Noticed Blork the orc
  5364 | D:5      | Killed Blork the orc
  5672 | D:5      | Reached skill level 1 in Necromancy
  5742 | D:5      | Found a hazy altar of Hepliaklqana.
  6245 | D:6      | Reached XP level 8. HP: 41/41 MP: 6/15
  6474 | D:6      | Reached skill level 7 in Air Magic
  6513 | D:6      | Found a runed translucent door.
  6690 | D:6      | Noticed Wkid's ghost (weakling FeDe)
  6815 | D:6      | Found a sparkling altar of Nemelex Xobeh.
  7553 | D:7      | Found a staircase to the Ecumenical Temple.
  7560 | D:7      | Noticed a wraith
  7562 | Temple   | Entered the Ecumenical Temple
  7742 | D:7      | Killed a wraith
  7743 | D:7      | Reached skill level 5 in Spellcasting
  8061 | D:7      | Found a stormy altar of Qazlal.
  8070 | D:7      | Became a worshipper of Qazlal Stormbringer
  8208 | D:7      | Reached skill level 8 in Air Magic
  8765 | D:7      | Reached XP level 9. HP: 45/45 MP: 7/18
  8938 | D:7      | Learned a level 3 spell: Volatile Blastmotes
  8943 | D:7      | Learned a level 4 spell: Iskenderun's Mystic Blast
  8997 | D:8      | Found an ancient bone altar of Kikubaaqudgha.
  9074 | D:8      | Noticed Erica
  9490 | D:8      | Killed Erica
  9491 | D:8      | Reached skill level 1 in Translocations
  9606 | D:8      | Noticed a hornet
  9625 | D:8      | Killed a hornet
  9626 | D:8      | Reached skill level 9 in Air Magic
  9988 | D:8      | Found Siupuus's Antique Armour Shoppe.
 10135 | D:9      | Found a sacrificial altar of Ru.
 10142 | D:9      | Reached skill level 1 in Evocations
 10147 | D:9      | Learned a level 2 spell: Poisonous Vapours
 10179 | D:9      | Reached skill level 5 in Fire Magic
 10291 | D:9      | Reached XP level 10. HP: 50/50 MP: 7/21
 10610 | D:9      | Found a blossoming altar of Fedhas.
 10727 | D:9      | Reached * piety under Qazlal
 10857 | D:9      | Learned a level 5 spell: Freezing Cloud
 10959 | D:9      | Noticed a kobold demonologist
 11489 | D:9      | Found a radiant altar of Vehumet.
 11563 | D:9      | Killed a kobold demonologist
 11564 | D:9      | Reached skill level 10 in Air Magic
 11572 | D:8      | Reached skill level 5 in Necromancy
 11973 | D:10     | Entered Level 10 of the Dungeon
 12951 | D:10     | Reached XP level 11. HP: 54/54 MP: 15/24
 12999 | D:10     | Reached skill level 11 in Air Magic
 13002 | D:10     | Reached ** piety under Qazlal
 13127 | D:10     | Noticed a two-headed ogre
 13149 | D:10     | Killed a two-headed ogre
 13322 | D:10     | Noticed a +0 hand axe
 13325 | D:10     | Gained mutation: Your body sometimes deteriorates upon
                  | taking damage. [potion of mutation]
 13325 | D:10     | Gained mutation: You have hidden genetic defects. [potion
                  | of mutation]
 13325 | D:10     | Gained mutation: You are partially covered in iridescent
                  | scales. (AC +2) [potion of mutation]
 13325 | D:10     | Gained mutation: Your mind is acute. (Int +4, Str/Dex -1)
                  | [potion of mutation]
 13325 | D:10     | Noticed a +0 hand axe
 13327 | D:10     | Lost mutation: Your mind is acute. (Int +4, Str/Dex -1)
                  | [potion of mutation]
 13327 | D:10     | Lost mutation: Your body sometimes deteriorates upon taking
                  | damage. [potion of mutation]
 13327 | D:10     | Lost mutation: You have hidden genetic defects. [potion of
                  | mutation]
 13327 | D:10     | Gained mutation: Your spells are a little harder to cast,
                  | but a little more powerful. [potion of mutation]
 13327 | D:10     | Gained mutation: You are strong-willed. (Will+) [potion of
                  | mutation]
 13327 | D:10     | Gained mutation: Your mind is acute. (Int +4, Str/Dex -1)
                  | [potion of mutation]
 13329 | D:10     | Found a hide-covered altar of Uskayaw.
 13753 | D:11     | Found a runed translucent gate.
 13753 | D:11     | Found a runed translucent gate.
 13753 | D:11     | Found a runed translucent gate.
 13753 | D:11     | Found a staircase to the Orcish Mines.
 13778 | D:11     | Noticed Urug
 13785 | D:11     | Killed Urug
 13868 | D:11     | Noticed a tengu warrior
 13878 | D:11     | Killed a tengu warrior
 13995 | D:11     | Noticed a manticore
 13997 | D:11     | Killed a manticore
 14100 | D:11     | Reached skill level 10 in Conjurations
 14166 | D:11     | Noticed a two-headed ogre
 14171 | D:11     | Killed a two-headed ogre
 14313 | D:11     | Found a portal to a secret trove of treasure.
 14334 | D:11     | Reached skill level 12 in Air Magic
 14434 | D:11     | Noticed bairyn's ghost (novice AtFi)
 14435 | D:11     | Noticed monsoonserge's ghost (journeyman GrRe)
 14436 | D:11     | Noticed Whoops's ghost (journeyman DsFi)
 14615 | D:11     | Noticed a cyclops
 14621 | D:11     | Killed a cyclops
 14874 | D:11     | Noticed a death yak
 14874 | D:11     | Noticed a death yak
 14904 | D:11     | Killed a death yak
 14993 | D:11     | Learned a level 6 spell: Starburst
 15009 | D:11     | Found a staircase to the Lair.
 15009 | D:11     | Noticed a death yak
 15063 | D:11     | Killed a death yak
 15182 | D:11     | Noticed a boulder beetle
 15185 | D:11     | Killed a boulder beetle
 15186 | D:11     | Reached XP level 12. HP: 59/59 MP: 15/26
 15288 | D:11     | Noticed a death yak
 15289 | D:11     | Noticed a death yak
 15344 | D:11     | Killed a death yak
 15391 | D:11     | Noticed a death yak
 15393 | D:11     | Noticed a death yak
 15393 | D:11     | Noticed a death yak
 15419 | D:11     | Slain by a death yak

Illustrated notes

Levels and vault maps discovered:
D:1:      dpeg_arrival_tiny_a, layout_basic,
          hellmonk_ecumenical_altar_defaced_shrine,
          chequers_serial_rivers_large_b, st_stairs_8
D:2:      layout_loops_corners, serial_shops, nicolae_shop_back_alley_shop
D:3:      layout_loops_ring, gammafunk_ghost_cemetery, palyth_stone_intersect,
          minmay_misc_feat_diagonals
D:4:      layout_loops_cross, kennysheep_mini_moat
D:5:      layout_gridville, lemuel_crystal_altar, minmay_diced_spiral,
          uniq_blork_the_orc
D:6:      layout_gridville, nemelex_diamond_rough_becter,
          hellmonk_ghost_happy_afterlife
D:7:      kennysheep_spiral_hall, layout_basic,
          nicolae_qazlal_scattered_showers, minmay_temple_entry_ruins
D:8:      layout_rooms, mainiacjoe_overflow_catwalk, serial_shops, shop,
          uniq_erica
D:9:      layout_loops_ring, lemuel_round_altar, general_overflow_altar,
          mainiacjoe_overflow_cross_hatched
D:10:     layout_big_octagon, dancing_weapons_uskayaw
D:11:     layout_cave_pods, dpeg_lair_monsters, orc_0_dummy,
          gammafunk_ghost_cemetery, enter_trove_1, uniq_urug
Temple:   nicolae_temple_bog_church

Skill      XL: |  1  2  3  4  5  6  7  8  9 10 11 |
---------------+----------------------------------+-----
Conjurations   | 2 3 4 5 6 7 8 9 10 | 10.5
Air Magic      | 5 6 8 9 10 12 | 12.5
Spellcasting   | 3 4 5 6 8 9 |  9.6
Fire Magic     | 1 2 4 5 6 7 |  7.1
Necromancy     | 1 3 4 5 6 |  6.7
Translocations | 2 3 4 |  4.7
Evocations     | 1 |  1.3
Maces & Flails | |  0.7
Dodging        | |  2.1
Stealth        | |  2.0
Shields        | |  0.2
Poison Magic   | |  0.3

Action                     |  1- 3 |  4- 6 |  7- 9 | 10-12 || total
---------------------------+-------+-------+-------+-------++-------
  Melee: Whip              |       |       |     4 |    31 ||    35
         Kick              |       |       |     1 |    12 ||    13
         Peck              |       |       |       |     4 ||     4
         Punch             |       |       |       |     1 ||     1
   Cast: Shock             |    75 |   101 |    96 |    28 ||   300
         Airstrike         |       |     1 |    56 |   117 ||   174
         Necrotise         |       |       |    11 |     2 ||    13
         Iskenderun's Myst |       |       |       |    10 ||    10
         Poisonous Vapours |       |       |       |     7 ||     7
         Volatile Blastmot |       |       |       |     1 ||     1
         Freezing Cloud    |       |       |       |     1 ||     1
  Evoke: Wand              |       |       |     1 |       ||     1
    Use: Scroll            |       |     4 |    15 |     8 ||    27
         Potion            |       |       |     2 |     3 ||     5
 Armour: Robe              |     3 |     4 |     3 |    23 ||    33
  Dodge: Dodged            |     9 |    13 |    34 |    45 ||   101
  Block: Other             |       |       |       |     6 ||     6
